 Dungeon Crawl Stone Soup version 0.30-a0-359-gd0147acb1a (webtiles) character file.

Game seed: 17864600930515529916

37868 benadryl the Brawler (level 13, -11/133 HPs)
             Began as a Troll Fighter on Nov 9, 2022.
             Was a High Priest of Wu Jian.
             Mangled by a komodo dragon (29 damage)
             ... on level 5 of the Lair of Beasts on Nov 11, 2022.
             The game lasted 01:03:03 (12818 turns).

benadryl the Brawler (Troll Fighter)               Turns: 12818, Time: 01:03:04

Health: -11/133    AC:  7    Str: 31    XL:     13   Next: 60%
Magic:  12/12      EV: 10    Int:  4    God:    Wu Jian [*****.]
Gold:   952        SH: 11    Dex:  9    Spells: 12/12 levels left

rFire   + . .      SeeInvis .      - Unarmed
rCold   + . .      Faith    .    b - +1 kite shield
rNeg    + . .      Spirit   .    z - +2 robe {rC+}
rPois   .          Reflect  .    (helmet restricted)
rElec   .          Harm     .    k - +0 cloak
rCorr   .          Rampage  .    (gloves unavailable)
Will    .....                    (boots unavailable)
Stlth   +.........               f - amulet of regeneration
HPRegen 2.02/turn                q - ring of positive energy
MPRegen 0.13/turn                J - ring of protection from fire

@: lethally poisoned (-11 -> -13), marked, slowed, very slow
A: large, unfitting armour, claws 3, regeneration 1, shaggy fur 1, tough skin 1
a: Renounce Religion, Wall Jump, Serpent's Lash, Heavenly Storm


You were on level 5 of the Lair of Beasts.
You worshipped Wu Jian.
Wu Jian was extremely pleased with you.
You visited 3 branches of the dungeon, and saw 18 of its levels.

You collected 952 gold pieces.

Inventory:

Missiles
 e - a throwing net
 u - 2 javelins
 F - 6 large rocks (quivered)
Armour
 b - a +1 kite shield (worn)
 k - a +0 cloak (worn)
 z - a +2 robe of cold resistance (worn)
Jewellery
 f - an amulet of regeneration (around neck)
 q - a ring of positive energy (left claw)
 J - a ring of protection from fire (right claw)
Wands
 o - a wand of roots (8)
 s - a wand of mindburst (34)
 v - a wand of quicksilver (18)
 C - a wand of flame (20)
 E - a wand of charming (6)
 K - a wand of digging (3)
Scrolls
 a - 3 scrolls of immolation
 h - 5 scrolls of enchant weapon
 l - 4 scrolls of teleportation
 r - 3 scrolls of magic mapping
 t - a scroll of blinking
 D - 4 scrolls of vulnerability
 G - a scroll of fog
 H - 3 scrolls of poison
 I - 5 scrolls of identify {@r1}
Potions
 c - a potion of might
 d - 6 potions of attraction
 i - 3 potions of lignification
 j - 3 potions of curing {@q1}
 m - 4 potions of flight
 n - 2 potions of cancellation
 p - 3 potions of brilliance
 w - 3 potions of haste
 x - a potion of magic
 A - 3 potions of heal wounds
 B - 8 potions of mutation
Miscellaneous
 g - a box of beasts


   Skills:
 + Level 10.0 Fighting
 + Level 6.3 Dodging
 + Level 10.9 Shields
 * Level 16.0 Unarmed Combat
 - Level 0.7 Transmutations


You had 12 spell levels left.
You didn't know any spells.
Your spell library contained the following spells:

 Spells                   Type           Power      Damage    Failure   Level
 Beastly Appendage        Tmut           0%         N/A       61%         1
 Wereblood                Tmut           0%         N/A       75%         2
 Scorch                   Fire           0%         2d5       83%         2
 Spider Form              Tmut/Pois      0%         N/A       95%         3
 Dazzling Flash           Conj/Hex       0%         N/A       97%         3
 Gell's Gravitas          Tloc           0%         N/A       97%         3
 Inner Flame              Hex/Fire       0%         N/A       97%         3
 Stone Arrow              Conj/Erth      0%         3d7       97%         3
 Teleport Other           Tloc           0%         N/A       97%         3
 Flame Wave               Conj/Fire      0%         2d4       100%        4
 Sticky Flame             Conj/Fire      0%         2d3       100%        4
 Agony                    Necr           0%         N/A       100%        5
 Lee's Rapid Deconstruct  Erth           0%         3d4*      100%        5
 Silence                  Hex/Air        0%         N/A       100%        5
 Dispersal                Tloc           0%         N/A       100%        6
 Summon Cactus Giant      Summ           0%         N/A       100%        6


Dungeon Overview and Level Annotations

Branches:
Dungeon (12/15)            Temple (1/1) D:6            Lair (5/5) D:9
 Shoals (0/4) Lair:3       Spider (0/4) Lair:3        Slime (0/5) Lair:4
    Orc (0/2) D:10

Altars:
Ashenzari
Cheibriados
Dithmenos
Elyvilon
Fedhas
Gozag
Hepliaklqana
Kikubaaqudgha
Makhleb
Nemelex Xobeh
Okawaru
Qazlal
Ru
Sif Muna
Trog
Uskayaw
Wu Jian
Xom
Yredelemnul
Zin
The Shining One
Jiyva

Shops:
D:3 :

Annotations:
D:5 3 runed translucent doors, porpoise's ghost, amateur DsGl
D:10 3 runed translucent doors, McGhostyFace's ghost, journeyman GnWn
D:11 2 transporters, exclusion: orange crystal statue


Innate Abilities, Weirdness & Mutations

You are too large for most types of armour.
You have claws for hands.
Your natural rate of healing is unusually fast.
You are covered in fur. (AC +1)
You have tough skin. (AC +1)


Message History

The wyvern hisses menacingly.
You block the water moccasin's attack. The black mamba bites you!
You spin and attack the hornet.
You claw the hornet!
The hornet is heavily wounded.
You spin and attack the water moccasin.
You closely miss the water moccasin.
You feel sick. The hornet stings you!
You feel yourself slow down. The water moccasin closely misses you.
You spin and attack the hornet.
You closely miss the hornet.
The hornet is heavily wounded.
You spin and attack the cane toad.
You scratch the cane toad but do no damage.
You feel yourself speed up.
You feel very sick. You block the hornet's attack. The black mamba bites you!
A death yak comes into view.
The cane toad stings you! The cane toad misses you.
The hornet stings you but does no damage.
A komodo dragon comes into view.
The water moccasin bites you but does no damage.
The black mamba bites you!
* * * LOW HITPOINT WARNING * * *
You are more poisoned.
The black mamba poisons you!
A white imp comes into view.
The cane toad closely misses you. The cane toad barely misses you.
The hornet stings you!
* * * LOW HITPOINT WARNING * * *
You feel yourself slow down.
Okay, then.
Okay, then.
You spin and attack the cane toad.
You scratch the cane toad but do no damage.
You feel extremely sick. The black mamba bites you.
* * * LOW HITPOINT WARNING * * *
You block the cane toad's attack.
A death yak comes into view.
The komodo dragon bites you!!
You die... ##..## ##...# ##...## ##..†.# ## #....## ..# .Y##...†# ...# ...PPPP.## .PPPP

...5....P########FPP...
.....Y..l@FSF..yl..§.F..
.........FSySl##F##P....
..........S...##..# ...
............#..l#.. .
.............#......
..................P.#
..............P....##
............#######
....+#######


You could see 2 death yaks, 2 komodo dragons, 2 black mambas, 3 cane toads, a
blink frog, 2 hornets, 2 water moccasins, 2 wyverns and a white imp.

Vanquished Creatures
  2 hydras
  A centaur warrior (D:9)
  A boulder beetle (D:12)
  Erica (D:8)
  2 two-headed ogres
  2 sun demons (D:12)
  2 wolf spiders (Lair:4)
  A cyclops (D:11)
  A manticore (Lair:3)
  15 elephants
  4 black mambas
  A rust devil (D:12)
  A gargoyle (D:12)
  5 cane toads
  An unseen horror (D:10)
  7 komodo dragons
  3 polar bears
  Prince Ribbit (D:7)
  6 trolls
  A wind drake (Lair:3)
  Grinder (D:3)
  12 blink frogs
  6 slime creatures (D:12)
  7 dream sheep (Lair:4)
  2 shadows
  28 yaks
  4 wyverns
  A wraith (D:12)
  A chaos spawn (D:12)
  3 steam dragons
  12 vampire mosquitoes
  An acid dragon (D:10)
  Duvessa (D:7)
  10 water moccasins
  A black bear (Lair:3)
  4 orc warriors
  An ice beast (D:8)
  14 wolves
  2 ogres (D:6)
  2 centaurs
  3 kobold brigands
  A phantom (D:5)
  7 bullfrogs
  A necrophage (D:5)
  22 wights
  Dowan (D:7)
  3 howler monkeys (D:11)
  3 electric eels (D:9)
  10 hounds
  A quasit (D:12)
  3 jellies
  2 gnoll boudas (D:6)
  5 orc priests
  4 iguanas
  2 orc wizards
  8 gnolls
  5 adders
  A worm (D:4)
  3 dart slugs
  23 orcs
  10 bats
  6 endoplasms
  3 giant cockroaches
  A goblin (D:1)
  14 hobgoblins
  3 jackals (D:1)
  16 kobolds
  4 quokkas
  6 ball pythons
  A frilled lizard (D:1)
  5 rats
348 creatures vanquished.

Vanquished Creatures (collateral kills)
  A yak (D:11)
1 creature vanquished.

Vanquished Creatures (others)
  2 yaks (D:11)
  2 demonic plants (D:12)
  21 fungi
  44 plants
69 creatures vanquished.

Grand Total: 418 creatures vanquished

Notes
Turn   | Place    | Note
-------+----------+-------------------------------------------
     0 | D:1      | benadryl the Troll Fighter began the quest for the Orb.
     0 | D:1      | Reached XP level 1. HP: 22/22 MP: 0/0
   101 | D:1      | Reached XP level 2. HP: 29/29 MP: 1/1
   304 | D:1      | Reached XP level 3. HP: 36/36 MP: 2/2
   457 | D:1      | Reached skill level 3 in Unarmed Combat
  1277 | D:3      | Found Boisidgh's Vocational Training.
  1319 | D:3      | Identified the +2 hand axe "Jocergh" {drain, rF+ Stlth+}
  1333 | D:3      | Noticed Grinder
  1334 | D:3      | Paralysed by Grinder for 2 turns
  1366 | D:3      | Killed Grinder
  1367 | D:3      | Reached skill level 4 in Unarmed Combat
  1367 | D:3      | Reached XP level 4. HP: 45/45 MP: 3/3
  1367 | D:3      | Reached XP level 5. HP: 53/53 MP: 4/4
  1661 | D:4      | Reached XP level 6. HP: 61/61 MP: 5/5
  1811 | D:4      | Reached skill level 5 in Unarmed Combat
  2173 | D:5      | Entered Level 5 of the Dungeon
  2370 | D:5      | Reached XP level 7. HP: 68/68 MP: 6/6
  2493 | D:5      | Found a runed translucent gate.
  2493 | D:5      | Found a runed translucent gate.
  2493 | D:5      | Found a runed translucent gate.
  2496 | D:5      | Noticed porpoise's ghost (amateur DsGl)
  2526 | D:5      | Reached skill level 6 in Unarmed Combat
  2760 | D:5      | Found an ancient bone altar of Kikubaaqudgha.
  2760 | D:5      | Found a snail-covered altar of Cheibriados.
  2879 | D:6      | Noticed a yak
  2898 | D:6      | Noticed a yak
  2914 | D:5      | Killed a yak
  2928 | D:6      | Noticed a yak
  2928 | D:6      | Noticed a yak
  2934 | D:5      | Killed a yak
  2935 | D:5      | Reached skill level 5 in Shields
  2947 | D:6      | Noticed a yak
  2948 | D:6      | Noticed a yak
  2963 | D:5      | Killed a yak
  2964 | D:5      | Reached skill level 7 in Unarmed Combat
  2964 | D:5      | Reached XP level 8. HP: 58/79 MP: 7/7
  3017 | D:5      | Reached skill level 5 in Fighting
  3024 | D:5      | Reached skill level 8 in Unarmed Combat
  3190 | D:6      | Noticed a +0 dagger
  3190 | D:6      | Noticed a +3 hand axe
  3204 | D:6      | Found a hide-covered altar of Uskayaw.
  3410 | D:6      | Found a staircase to the Ecumenical Temple.
  3419 | Temple   | Entered the Ecumenical Temple
  3501 | Temple   | Became a worshipper of the Wu Jian Council
  3669 | D:7      | Reached XP level 9. HP: 84/88 MP: 8/8
  3812 | D:6      | Reached skill level 9 in Unarmed Combat
  3821 | D:6      | Reached * piety under Wu Jian
  4279 | D:7      | Found a sacrificial altar of Ru.
  4286 | D:7      | Noticed Duvessa
  4286 | D:7      | Noticed Dowan
  4297 | D:7      | Killed Duvessa
  4306 | D:7      | Killed Dowan
  4480 | D:7      | Noticed Prince Ribbit
  4485 | D:7      | Killed Prince Ribbit
  4537 | D:7      | Reached skill level 10 in Unarmed Combat
  5095 | D:8      | Noticed Erica
  5101 | D:8      | Killed Erica
  5102 | D:8      | Reached XP level 10. HP: 95/100 MP: 9/9
  5428 | D:8      | Noticed a two-headed ogre
  5439 | D:8      | Killed a two-headed ogre
  5440 | D:8      | Reached skill level 11 in Unarmed Combat
  5441 | D:8      | You fall into a shaft and drop 1 floor!
  5508 | D:9      | Noticed a centaur warrior
  5511 | D:9      | Reached ** piety under Wu Jian
  5527 | D:9      | Killed a centaur warrior
  5552 | D:9      | Noticed a two-headed ogre
  5566 | D:9      | Killed a two-headed ogre
  5607 | D:9      | Reached skill level 12 in Unarmed Combat
  5630 | D:9      | Found a staircase to the Lair.
  5846 | D:9      | Found a shadowy altar of Dithmenos.
  5931 | D:9      | Reached XP level 11. HP: 109/109 MP: 10/10
  6064 | D:9      | Found a hazy altar of Hepliaklqana.
  6153 | D:10     | Entered Level 10 of the Dungeon
  6392 | D:10     | Reached *** piety under Wu Jian
  6397 | D:10     | Found a staircase to the Orcish Mines.
  6467 | D:10     | Found a runed translucent gate.
  6467 | D:10     | Found a runed translucent gate.
  6467 | D:10     | Found a runed translucent gate.
  6482 | D:10     | Noticed McGhostyFace's ghost (journeyman GnWn)
  6913 | D:11     | Noticed a frost giant
  6914 | D:11     | Found a transporter.
  6914 | D:11     | Noticed an orc warlord
  6914 | D:11     | Found the amulet of the Air {Inacc Air Fly rElec RMsl}
  6916 | D:11     | Noticed an orange crystal statue
  6916 | D:11     | Noticed a centaur warrior
  7534 | D:11     | Reached skill level 13 in Unarmed Combat
  7679 | D:11     | Found a transporter.
  8148 | D:12     | Noticed a sun demon
  8163 | D:12     | Killed a sun demon
  8373 | D:12     | Noticed a boulder beetle
  8397 | D:12     | Killed a boulder beetle
  8398 | D:12     | Reached XP level 12. HP: 92/122 MP: 11/11
  8578 | D:12     | Reached **** piety under Wu Jian
  8593 | D:12     | Reached skill level 14 in Unarmed Combat
  8876 | D:12     | Identified the +2 pair of boots "Laredisu" {Drain Int+6
                  | SInv}
  9052 | Lair:1   | Entered Level 1 of the Lair of Beasts
  9072 | Lair:1   | Identified the +4 longbow of Fate {speed, Stlth+}
  9821 | Lair:2   | Reached skill level 10 in Shields
  9881 | Lair:2   | Got the Exposition on the Lithosphere and Pyromania
  9954 | Lair:2   | Noticed a five-headed hydra
 10638 | Lair:3   | Found a hole to the Spider Nest.
 10817 | Lair:3   | Reached skill level 5 in Dodging
 11049 | Lair:2   | Killed an eight-headed hydra
 11050 | Lair:2   | Reached skill level 15 in Unarmed Combat
 11388 | Lair:3   | Reached XP level 13. HP: 91/131 MP: 12/12
 11395 | Lair:3   | HP: 3/131 [black mamba (13)]
 11707 | Lair:3   | Found a staircase to the Shoals.
 12097 | Lair:4   | Found a viscous altar of Jiyva.
 12098 | Lair:4   | Found a staircase to the Slime Pits.
 12537 | Lair:4   | Upgraded the game from 0.30-a0-358-g0d69a1922f to
                  | 0.30-a0-359-gd0147acb1a
 12629 | Lair:4   | Reached skill level 10 in Fighting
 12684 | Lair:4   | Reached skill level 16 in Unarmed Combat
 12696 | Lair:4   | Reached ***** piety under Wu Jian
 12774 | Lair:5   | Entered Level 5 of the Lair of Beasts
 12818 | Lair:5   | Mangled by a komodo dragon

Illustrated notes

Levels and vault maps discovered:
D:1:      eino_arrival_cavern_b, layout_basic
D:2:      layout_basic
D:3:      layout_basic, nicolae_shop_vocational, uniq_grinder
D:4:      layout_loops_ring
D:5:      layout_loops_cross, amethyst_overflow_temple_binary,
          ebering_ghost_rock_garden
D:6:      kennysheep_housing_project, layout_cave_pools,
          dancing_weapons_uskayaw, minmay_temple_entry_antechambers
D:7:      layout_cave_pods, nicolae_ru_awakened_eye, minmay_misc_feat_room,
          uniq_duvessa, uniq_prince_ribbit1
D:8:      layout_cave_pods, uniq_joseph, uniq_erica
D:9:      layout_cave_pools, grunt_dithmenos_shadows,
          nicolae_overflow_hidden_temple, erik_lair_island, eino_curves_04
D:10:     layout_basic, david_orc_5, gammafunk_ghost_necromancy
D:11:     gammafunk_sealed_arena, layout_gridville, hive_lemuel
D:12:     layout_long_grid, serial_demonic, serial_demonic_d, serial_demonic_b,
          serial_demonic_a, serial_demonic_g, serial_demonic_c
Temple:   nicolae_temple_elliptical
Lair:1:   layout_regular_city, grunt_megastairs_5
Lair:2:   layout_regular_city
Lair:3:   layout_long_grid, minmay_shoals_entry_beasts,
          spider_nest_entry_web_field, chequers_serial_rivers_micro_d
Lair:4:   layout_long_grid, dpeg_slime_entry_enclosed,
          chequers_serial_rivers_room_a, nicolae_lair_run_with_the_wolves,
          lemuel_fruit_tree, infiniplex_staircase_pool
Lair:5:   hangedman_lair_tendril_chambers, layout_regular_city, serial_forest,
          infiniplex_forest_side_room, infiniplex_forest_lined_2,
          infiniplex_forest_lined_room_2, infiniplex_forest_clump_curved,
          infiniplex_forest_lined_3, infiniplex_forest_lined_3,
          infiniplex_forest_clump_medium, infiniplex_forest_straight_3,
          infiniplex_forest_straight_3, infiniplex_forest_clump_diagonal,
          chequers_serial_rivers_room_a, ice2_lemuel, uniq_snorg

Skill      XL: |  1  2  3  4  5  6  7  8  9 10 11 12 13 |
---------------+----------------------------------------+-----
Shields        | 3 4 5 6 7 8 9 10 | 10.9
Unarmed Combat | 4 5 7 8 10 12 13 15 16 | 16.0
Fighting       | 3 4 5 6 7 8 9 10 | 10.0
Dodging        | 3 5 6 |  6.3
Transmutations | |  0.7

Action                   |  1- 3 |  4- 6 |  7- 9 | 10-12 | 13-15 || total
-------------------------+-------+-------+-------+-------+-------++-------
Melee: Unarmed           |   120 |    72 |   232 |   602 |   228 ||  1254
Throw: Large rock        |     4 |       |    11 |    13 |     6 ||    34
       Javelin           |       |       |     2 |    13 |       ||    15
Invok: Lunge             |       |       |     8 |    30 |     8 ||    46
       Whirlwind         |       |       |     3 |    84 |    81 ||   168
       Serpent's Lash    |       |       |       |     5 |     1 ||     6
 Abil: Wall Jump         |       |       |       |     7 |     1 ||     8
Evoke: Wand              |       |       |       |    17 |       ||    17
  Use: Potion            |     1 |       |     2 |     2 |     2 ||     7
       Scroll            |       |     6 |     8 |    10 |     1 ||    25
 Stab: Sleeping          |     1 |     1 |       |       |       ||     2
Armor: Robe              |    52 |    16 |    54 |   145 |    50 ||   317
       Skin              |       |       |       |    14 |     4 ||    18
Dodge: Dodged            |    41 |    27 |    82 |   173 |    72 ||   395
Block: Kite shield       |    49 |    26 |    87 |   296 |    82 ||   540

Table legend: (Time is in decaauts)
 A = Elapsed time spent in this place.
 B = Non-inter-level travel time spent in this place.
 C = Inter-level travel time spent in this place.
 D = Time resting spent in this place.
 E = Time spent auto-exploring this place.
 F = Levels seen in this place.
 G = Mean time per level.
                   A        B        C        D        E       F      G
               +--------+--------+--------+--------+--------+-----+--------+
         Total |  12787 |  10210 |   2577 |   1644 |   4314 |  18 |  710.4 |
       Dungeon |   8956 |   7695 |   1261 |    897 |   4250 |  12 |  746.3 |
        Temple |     98 |     82 |     16 |      0 |      0 |   1 |   98.0 |
          Lair |   3731 |   2431 |   1300 |    747 |     64 |   5 |  746.2 |
               +--------+--------+--------+--------+--------+-----+--------+

Top non-repeatable levels by time:
  Lair:2: 1307 daAuts
    D:11: 1250 daAuts
     D:7: 1067 daAuts
     D:5: 918 daAuts
     D:9: 870 daAuts
    D:12: 839 daAuts
  Lair:1: 830 daAuts
     D:6: 825 daAuts
  Lair:3: 815 daAuts
  Lair:4: 735 daAuts
     D:2: 642 daAuts
    D:10: 630 daAuts
     D:4: 585 daAuts
     D:1: 537 daAuts
     D:3: 427 daAuts
